Cogmind - Beta 9.2 @@@ ROGUE MODE // 2019.11.16 @ 12:15:49 Player: Noxul Result: Self-destructed Performance ------------- Evolutions (1) 500 Regions Visited (3) 600 Robots Destroyed (15) 75 Value Destroyed (394) 394 Prototype IDs (0) 0 Alien Tech Used (0) 0 Bonus (0) 0 TOTAL SCORE: 1569 Bonus ------- None Cogmind --------- Core Integrity 400/400 Matter 190/300 Energy 250/250 System Corruption 0% Temperature Cool (0) Movement Walking (180) Ox2 Location -9/Materials Parts ------- > --- POWER (1) -------- Ion Engine > --- PROPULSION (2) --- Aluminum Leg > --- UTILITY (3) ------ Improved Heat Sink Large Storage Unit > --- WEAPON (3) ------- Autogun > --- INVENTORY (10) --- Ion Engine Ion Engine Light Ion Engine Targeting Computer Assault Rifle Assault Rifle Peak State ------------ > --- POWER ------------ Ion Engine > --- PROPULSION ------- Aluminum Leg Aluminum Leg > --- UTILITY ---------- Improved Heat Sink Small Storage Unit > --- WEAPON ----------- Autogun Autogun > --- INVENTORY -------- Ion Engine Light Ion Engine Assault Rifle Assault Rifle Autogun [Rating: 11] Favorites ----------- Power Ion Engine Engine Ion Engine Propulsion Aluminum Leg Leg Aluminum Leg Utility Small Storage Unit Device Improved Heat Sink Storage Small Storage Unit Weapon Autogun Ballistic Gun Autogun Special Weapon Mining Laser Build | -11 -10 -10 -9 ------- Run | Scr Mat Min Mat Slots Evolved 2 | . . . 2 Power . | . . . . Propulsion . | . . . . Utility 1 | . . . 1 Weapon 1 | . . . 1 Parts Attached 15 | 6 7 . 2 Power 2 | 1 1 . . Engine 2 | 1 1 . . Core . | . . . . Reactor . | . . . . Propulsion 3 | 2 1 . . Treads . | . . . . Leg 3 | 2 1 . . Wheel . | . . . . Hover . | . . . . Flight . | . . . . Utility 4 | 1 2 . 1 Device 2 | . 1 . 1 Storage 2 | 1 1 . . Processor . | . . . . Hackware . | . . . . Protection . | . . . . Artifact . | . . . . Weapon 6 | 2 3 . 1 Energy Gun . | . . . . Energy Cannon . | . . . . Ballistic Gun 5 | 2 3 . . Ballistic Cannon . | . . . . Launcher . | . . . . Special Weapon 1 | . . . 1 Impact Weapon . | . . . . Slashing Weapon . | . . . . Piercing Weapon . | . . . . Special Melee Weapon . | . . . . Unidentified Prototypes . | . . . . Parts Lost 5 | . 2 . 3 Power . | . . . . Propulsion 2 | . 1 . 1 Utility . | . . . . Weapon 3 | . 1 . 2 Highest Loss Streak 2 | . 2 . 2 Average Slot Usage (%) 82 | . 84 85 73 Engine 13 | . 14 14 11 Leg 25 | . 28 28 18 Device 2 | . . . 11 Storage 13 | . 14 14 11 Ballistic Gun 26 | . 27 28 21 Naked Turns . | . . . . Heaviest Build 28 | 13 27 27 28 Greatest Support 20 | 20 20 20 20 Greatest Overweight (x) 2 | . 1 1 2 Average Overweight (x) . | . . 1 1 Largest Inventory Capacity 12 | 6 12 10 10 Average Capacity 7 | 5 6 10 10 Most Carried 8 | 4 8 8 7 Average Carried 5 | 1 5 8 6 Final Capacity 10 | 6 10 10 10 Final Carried 8 | 2 8 8 6 Class Distribution -------------------- 100% | Mutant Dominant Class ---------------- Mutant | -10/Materials Mutant | -10/Mines Mutant | -9/Materials Resources | -11 -10 -10 -9 ----------- Run | Scr Mat Min Mat Matter Collected 596 | 166 174 19 237 Remotely . | . . . . Salvage Created 400 | . 186 19 195 Parts 37 | . 18 3 16 Haulers Intercepted . | . . . . Recyclers Shooed 1 | . . 1 . Parts Field Recycled . | . . . . Retrieved Matter . | . . . . Parts Self-Destructed . | . . . . Prevented . | . . . . Kills | -11 -10 -10 -9 ------- Run | Scr Mat Min Mat Combat Hostiles Destroyed 9 | . 5 . 4 Guns 9 | . 5 . 4 Classes Destroyed 7 | . 5 1 1 Builder 1 | . 1 . . Tunneler 1 | . . 1 . Recycler 1 | . 1 . . Watcher 3 | . 2 . 1 Swarmer 3 | . 3 . . Grunt 5 | . 2 . 3 Sentry 1 | . . . 1 Best Kill Streak 5 | . 3 1 5 Combat Bots Only 4 | . 3 . 4 Max Kills in Single Turn 3 | . 3 1 1 Gunslinging . | . . . . Exploded . | . . . . Melee . | . . . . Uniques/NPCs Destroyed . | . . . . Combat | -11 -10 -10 -9 -------- Run | Scr Mat Min Mat Damage Taken 821 | . 489 . 332 Core 113 | . 113 . . Absorbed by Shields . | . . . . Core Remaining (%) 77 | 100 . 54 . Volleys Fired 50 | . 32 3 15 Largest 3 | . 2 2 3 Hottest 146 | . 46 46 146 Shots Fired 99 | . 64 5 30 Gun 98 | . 64 5 29 Cannon . | . . . . Launcher . | . . . . Special 1 | . . . 1 Kinetic 98 | . 64 5 29 Thermal 1 | . . . 1 Explosive . | . . . . Electromagnetic . | . . . . Robot Hit Streak 8 | . 8 4 5 Robot Miss Streak 5 | . 5 5 3 Penetration Max . | . . . . Secondary Targets 1 | . 1 . . Max Gunslinging Chain 1 | . 1 . . Shots Hit Robots 56 | . 35 4 17 Core Hits 25 | . 16 1 8 Critical Hits . | . . . . Critical Kills . | . . . . Critical Parts Destroyed . | . . . . Melee Attacks . | . . . . Impact . | . . . . Slashing . | . . . . Piercing . | . . . . Sneak Attacks . | . . . . Combat Hostiles . | . . . . Follow-up Attacks . | . . . . Damage Inflicted 1322 | . 938 76 308 Guns 818 | . 458 76 284 Cannons . | . . . . Explosions 480 | . 480 . . Melee . | . . . . Ramming . | . . . . Kinetic 818 | . 458 76 284 Thermal 484 | . 460 . 24 Explosive . | . . . . Electromagnetic 20 | . 20 . . Impact . | . . . . Slashing . | . . . . Piercing . | . . . . Highest Corruption 3 | . 3 3 . Average Corruption 2 | . 2 3 . Corruption Purged . | . . . . Effects 13 | . 9 4 . Message Errors 2 | . 2 . . Matter Fused 1 | . 1 . . Heat Flow Errors 1 | . 1 . . Energy Discharges 3 | . 2 1 . Data Loss (minor) 2 | . 1 1 . Targeting Errors 3 | . 2 1 . Weapon Failures 1 | . . 1 . Overload Shots . | . . . . Overflow Damage 209 | . 209 . . Projectiles . | . . . . Explosions 209 | . 209 . . Melee . | . . . . Knockbacks . | . . . . Impact . | . . . . Kinetic . | . . . . Secondary . | . . . . Self-Inflicted Damage 195 | . 195 . . Shots 3 | . 3 . . Rammed . | . . . . Targets Rammed . | . . . . Kicked . | . . . . Crushed . | . . . . Highest Temperature 158 | . 158 6 9 Average Temperature 26 | . 29 4 6 Received Heat Transfer 204 | . 114 . 90 Siege Activations . | . . . . Robots Corrupted . | . . . . Combat Hostiles . | . . . . Parts Fried . | . . . . Impact Corruptions . | . . . . Robots Melted . | . . . . Combat Hostiles . | . . . . Parts Melted . | . . . . Heat Transferred 350 | . 300 . 50 Parts Sabotaged . | . . . . Parts Stolen . | . . . . Parts Stripped . | . . . . Power Chain Reactions . | . . . . Missiles Intercepted . | . . . . Alert | -11 -10 -10 -9 ------- Run | Scr Mat Min Mat Peak Influence 297 | . 297 42 143 Average Influence 95 | . 130 39 72 Maximum Alert Level 1 | . 1 . . Low Security (%) 91 | 100 85 100 100 Level 1 8 | . 14 . . Level 2 . | . . . . Level 3 . | . . . . Level 4 . | . . . . Level 5 . | . . . . High Security . | . . . . Max Security . | . . . . Squads Dispatched 3 | . 1 . 2 Investigation . | . . . . Extermination . | . . . . Reinforcement 3 | . 1 . 2 Assault . | . . . . Garrison . | . . . . Intercept . | . . . . Construction Impeded . | . . . . Haulers Reinforced . | . . . . Stealth | -11 -10 -10 -9 --------- Run | Scr Mat Min Mat Distress Signals 5 | . 3 . 2 Communications Jammed . | . . . . Distress Signals . | . . . . Times Spotted 30 | . 18 . 12 Peak Tracking Total 5 | . 5 . 5 Tactical Retreats 3 | . 2 . 1 Traps | -11 -10 -10 -9 ------- Run | Scr Mat Min Mat Traps Triggered 2 | . 2 . . Indirectly . | . . . . Trap Hack Attempts . | . . . . Triggered . | . . . . Disarmed . | . . . . Reprogrammed . | . . . . Reused . | . . . . Traps Extracted . | . . . . Installed . | . . . . Triggered . | . . . . Machines | -11 -10 -10 -9 ---------- Run | Scr Mat Min Mat Machines Disabled 8 | . 7 . 1 Max in Single Turn 4 | . 4 . 1 Machines Sabotaged . | . . . . Garrisons Compromised . | . . . . Overloaded Fab Kills . | . . . . Fab Network Shutdowns . | . . . . Hacking | -11 -10 -10 -9 --------- Run | Scr Mat Min Mat Machines Accessed 2 | . 2 . . Terminals 2 | . 2 . . Fabricators . | . . . . Repair Stations . | . . . . Recycling Units . | . . . . Scanalyzers . | . . . . Garrison Access . | . . . . Total Hacks 3 | . 3 . . Successful 1 | . 1 . . Failed 2 | . 2 . . Catastrophic . | . . . . Database Lockouts . | . . . . Manual 3 | . 3 . . Terminals 3 | . 3 . . Fabricators . | . . . . Repair Stations . | . . . . Recycling Units . | . . . . Scanalyzers . | . . . . Garrison Access . | . . . . Terminal Hacks . | . . . . Fabricator Hacks . | . . . . Repair Station Hacks . | . . . . Recycling Unit Hacks . | . . . . Scanalyzer . | . . . . Garrison Access Hacks . | . . . . Unauthorized Hacks 3 | . 3 . . Terminals 1 | . 1 . . Detonate 1 | . 1 . . Fabricators . | . . . . Repair Stations . | . . . . Recycling Units . | . . . . Scanalyzers . | . . . . Garrison Access . | . . . . Data Cores Recovered . | . . . . Used . | . . . . Hacking Detections 2 | . 2 . . Full Trace Events . | . . . . Feedback Events . | . . . . Feedback Blocked . | . . . . Robot Schematics Acquired . | . . . . Robots Built . | . . . . Matter . | . . . . Time . | . . . . Total Robot Build Rating . | . . . . Part Schematics Acquired . | . . . . Parts Built . | . . . . Matter . | . . . . Time . | . . . . Total Part Build Rating . | . . . . Parts Repaired . | . . . . Time . | . . . . Parts Recycled . | . . . . Recycled Matter . | . . . . Retrieved Matter . | . . . . Retrieved Components . | . . . . Parts Scanalyzed . | . . . . Part Schematics Acquired . | . . . . Parts Damaged . | . . . . Bothacking | -11 -10 -10 -9 ------------ Run | Scr Mat Min Mat Used RIF Installer . | . . . . Robots Hacked . | . . . . Non-combat . | . . . . Combat . | . . . . Robot Hacks Applied . | . . . . Relay Couplers Released . | . . . . Robots Rewired . | . . . . Allies Hacked . | . . . . Hacks Repelled . | . . . . Allies | -11 -10 -10 -9 -------- Run | Scr Mat Min Mat Total Allies . | . . . . Largest Group . | . . . . Highest-Rated Group . | . . . . Highest-Rated Ally . | . . . . Total Orders . | . . . . Ally Attacks . | . . . . Total Damage . | . . . . Kills . | . . . . Allies Corrupted . | . . . . Allies Melted . | . . . . Intel | -11 -10 -10 -9 ------- Run | Scr Mat Min Mat Robot Analysis Total . | . . . . Derelict Logs Recovered . | . . . . Drone Launches . | . . . . Drone Recoveries . | . . . . Exploration | -11 -10 -10 -9 ------------- Run | Scr Mat Min Mat Turns Passed 899 | 93 531 98 177 Spaces Moved 530 | 72 311 61 86 Core 10 | 10 . . . Treads . | . . . . Legs 520 | 62 311 61 86 Wheels . | . . . . Hover . | . . . . Flight . | . . . . Fastest Speed 50 | 50 120 150 150 Average Speed 131 | 110 126 150 154 Slowest Speed 180 | 120 150 150 180 Overloaded Moves . | . . . . Propulsion Burnouts . | . . . . Robots Hopped . | . . . . Cave-ins Triggered . | . . . . Exploration Rate (%) 24 | 4 53 30 12 Regions Visited 3 Branch Regions 1 Pre-discovered Areas . | . . . . Known Exits Taken . | . . . . Unknown Exits Taken 3 | 1 1 1 . Scrap Searched . | . . . . Spaces Dug . | . . . . Terrain Destroyed 37 | . 37 . . Melee . | . . . . Projectile . | . . . . AOE 37 | . 37 . . Actions | -11 -10 -10 -9 --------- Run | Scr Mat Min Mat Total 647 | 85 395 63 104 Wait 32 | . 31 . 1 Move 527 | 71 310 60 86 Hop . | . . . . Pick Up 17 | 8 9 . . Fast Attach 2 | . 2 . . Attach 10 | 6 2 . 2 Detach 1 | . 1 . . Swap 3 | . 3 . . Drop 5 | . 5 . . Fire 50 | . 32 3 15 Melee . | . . . . Ram . | . . . . Kick . | . . . . Crush . | . . . . Escape Stasis . | . . . . Rewire . | . . . . Trap . | . . . . Miscellaneous . | . . . . Route ------- -11/Scrapyard -10/Materials -10/Mines -9/Materials History --------- Turn | Location | Event 15 | -11/Scrapyard | Discovered new exit (range 16) 94 | -11/Scrapyard | Entered Materials 325 | -10/Materials | Build established: Mutant 439 | -10/Materials | Discovered new exit (range 9) 625 | -10/Materials | Entered Mines 710 | -10/Mines | Discovered new exit (range 9) 723 | -10/Mines | Entered Materials 723 | -9/Materials | Evolved 2 slots: Utility x1, Weapon x1 900 | -9/Materials | Self-destructed Last Messages --------------- 00854_ K-01 Serf collects debris. 00856_ ALERT: Hostiles spotted, dispatching reinforcements to Terminal M009. 00857_ Aluminum Leg destroyed. 00858_ K-01 Serf collects debris. 00859_ Y-45 Defender destroyed. 00862_ K-01 Serf collects debris. 00864_ Acquired 97 matter. 00865_ K-01 Serf collects debris. 00881_ U-05 Engineer lays Concrete. 00884_ T-07 Excavator is excavating. 00886_ U-05 Engineer lays Concrete. 00889_ T-07 Excavator is excavating. 00891_ U-05 Engineer lays Concrete. 00893_ T-07 Excavator is excavating. 00894_ U-05 Engineer lays Concrete. 00896_ Mining Laser destroyed. 00897_ T-07 Excavator is excavating. 00898_ Autogun destroyed. 00898_ U-05 Engineer lays Concrete. Map ----- +----------------------------------------------------+ | ?????????????????????????????????????????????????? | | ?????????????????????????????????????????????????? | | ?????????????????????????????????????????????????? | | ?????????????????????????????????????????????????? | | ?????????????????????????????????????????????????? | | ?????????????????????????????????????????????????? | | ?????????????????????????????????????????????????? | | ?????????????????????????????????????????????????? | | ?????????????????????????????????????????????????? | | ?????????????????????????????????????????????????? | | ?????????????????????????????????????????????????? | | ??????????????????####???????????????????????????? | | ??????????????????# ???????????????????????????? | | ??????????????????+ ???????????????????????????? | | ??????????????????# ???????????????????????????? | | ??????????????????# #??????????????????????????? | | ??????????????????# #??????????????????????????? | | ??????????????????# #??????????????????????????? | | ??????????????????# #??????????????????????????? | | ??????????????????# #??????????????????????????? | | ??????????????????# #??????????????????????????? | | ?????????????????## ##?????????????????????????? | | ?????????????????# #######???????????????????? | | ?????????????????# g# #???????????????????? | | ?????????????????# gl ut #???????????????????? | | ?????????????????# # @ #???????????????????? | | ?????????????????# #######???????????????????? | | ?????????????????# ###?????????????????????????? | | ?????????????????# #???????????????????????????? | | ?????????????????# #???????????????????????????? | | ?????????????????#!! #???????????????????????????? | | ?????????????????# ==#???????????????????????????? | | ?????????????????#[[[############### ????????????? | | ?????????????????# ! ! ????????????? | | ?????????????????#! = ##????????????? | | ?????????????????# = ???????????? | | ?????????????????# == ???????????? | | ####?????????????# !%! ???????????? | | #?????????????# ############## ?????????????? | | ""############### #???????????????????????????? | | T"# #???????????????????????????? | | " # #???????????????????????????? | | # #???????????????????????????? | | + ###############???????????????????????????? | | # #?????????????????????????????????????????? | | # #?????????????????????????????????????????? | | # ###########???????????????????????????????? | | #### # #???????????????????????????????? | | #### # #???????????????????????????????? | | # """"""" #???????????????????????????????? | +----------------------------------------------------+ Best States ------------- Heat Dissipation 42 Energy Generation 10 Energy Capacity 250 Matter Stores 218 Matter Capacity 300 Sight Range 16 Terrain Scan Density 10 Evasion (%) 50 Item Schematics ----------------- None Robot Schematics ------------------ None Fabricated ------------ Nothing Alien Tech Used ----------------- None Achievements -------------- None Challenges ------------ None Game ------ Seed SwarmIonMegatreads Manual? 0 Play Time 00:15:55 Cumulative 10.1 hours Start 2019.11.16 @ 11:30:03 End 2019.11.16 @ 12:15:49 Sessions 1 Manual Loads 0 Difficulty Rogue Special Mode None Game No. 21 Rogue 21 Adventurer 0 Explorer 0 Win Type - Total 0 Types 0/0/0/0/0/0/0 Lore% 9 Gallery% 20 Achievement% 15 Wizard Run 0 Options --------- ASCII 0 Keyboard 0 Movement Mouse Keybinds 0 Fullscreen 1 Font 18/Terminus Map View 76x50 Tactical HUD 1 Map Filters NONE Filters NONE Steam 1 RUN: 1b39bf3b-0b38-44e9-9790-eaa05c1101fa